 Dungeon Crawl Stone Soup version 0.20-a0-1089-g3fde505 (webtiles) character file.

247 Jarlath the Chiller (level 5, -3/28 HPs)
             Began as a Deep Elf Ice Elementalist on May 3, 2017.
             Killed from afar by Jarlath's ghost (14 damage)
             ... with a shard of ice
             ... on level 3 of the Dungeon.
             The game lasted 00:02:26 (2916 turns).

Jarlath the Chiller (Deep Elf Ice Elementalist)     Turns: 2916, Time: 00:02:26

Health: -3/28      AC:  2    Str:  5    XL:     5   Next: 85%
Magic:  13/14      EV: 13    Int: 21    God:
Gold:   137        SH:  0    Dex: 15    Spells: 6/14 levels left

rFire    . . .     SeeInvis .   k - +1 dagger (drain)
rCold    . . .     Gourm    .   (no shield)
rNeg     . . .     Faith    .   a - +0 robe
rPois    .         Spirit   .   (no helmet)
rElec    .         Reflect  .   (no cloak)
rCorr    .         Harm     .   (no gloves)
MR       .....                  (no boots)
Stlth    ++........             (no amulet)
Regen    0.1/turn               q - ring of wizardry
MPRegen  0.2/turn               (no ring)

@: no status effects
A: no striking features
a: no special abilities


You were on level 3 of the Dungeon.
You were hungry.

You visited 1 branch of the dungeon, and saw 3 of its levels.

You collected 137 gold pieces.

Inventory:

Hand Weapons
 k - a +1 dagger of draining (weapon)
Armour
 a - a +0 robe (worn)
Jewellery
 q - a ring of wizardry (left hand)
Wands
 l - a wand of lightning (10/15)
Scrolls
 d - 2 scrolls of magic mapping {unknown}
 e - 2 scrolls of immolation {unknown}
 f - 4 scrolls of identify {unknown}
 g - 2 scrolls of teleportation {unknown}
 h - a scroll of fog {unknown}
 j - 2 scrolls of remove curse {unknown}
Potions
 i - a potion of curing
 m - 2 potions of mutation {unknown}
 o - a potion of agility {unknown}
Books
 b - a book of Frost

   Spells                             Type                      Level
   a - Freeze                         Ice                          1
   b - Throw Frost                    Conjuration/Ice              2
   c - Ozocubu's Armour               Charms/Ice                   3
   d - Throw Icicle                   Conjuration/Ice              4
   e - Summon Ice Beast               Ice/Summoning                4
Comestibles
 c - a bread ration
 n - 2 meat rations
 p - a royal jelly


   Skills:
 - Level 2.4 Dodging
 - Level 2.4 Stealth
 - Level 5.3 Spellcasting
 * Level 1.4 Conjurations
 + Level 6.1 Ice Magic


You had 6 spell levels left.
You knew the following spells:

 Your Spells              Type           Power        Failure   Level  Hunger
a - Freeze                Ice            ####         1%          1    None
b - Ozocubu's Armour      Chrm/Ice       ###.....     3%          3    ##.....
c - Throw Icicle          Conj/Ice       ###.....     9%          4    ####...


Dungeon Overview and Level Annotations

Branches:
Dungeon (3/15)

Altars:

Annotations:
D:3 Jarlath's ghost, amateur DEIE


Message History

You are too injured to fight recklessly!
The bat barely misses you. Jarlath's ghost completely misses you.
Casting: Freeze
Confirm with . or Enter, or press ? or * to list all spells.
Aiming: Freeze
Press: ? - help, Shift-Dir - straight line, f - bat
Aim: a bat You freeze the bat.
You kill the bat!
Jarlath's ghost hits you but does no damage.
The kobold throws a stone.
The stone hits you.
Jarlath's ghost gestures at you while chanting.
The shard of ice misses you.
You see here a stone.
You see here a stone.
The kobold throws a stone.
The stone hits you but does no damage.
Jarlath's ghost points at you and mumbles some strange words.
The shard of ice hits you!
Ouch! That really hurt!
You die...

....# ###### #######.# #
.)..# #..... ......... .#
.##### #....# ........##.##
#.#....### ........#8.8#
#........ .......(.....
#....... ####.##.#8.8#
...#...g### ##.##.##.##
........oK#########....).#.##
#...#####.W.@...............#
# #####....##.........#
#..#####.........# .##
#.######....(.####
...####.###.........#
##...(.......#......#
#..............##.###
.......รท..........#
.......<.......####


You could see Jarlath's ghost, an orc, a hobgoblin and a kobold.

Vanquished Creatures
  Sigmund (D:2)
  5 adders (D:2)
  A dart slug (D:1)
  3 bats
  2 giant cockroaches
  8 hobgoblins
  3 jackals (D:2)
  A quokka (D:2)
  A ball python (D:2)
  6 frilled lizards
  5 goblins
  6 kobolds
  7 rats
49 creatures vanquished.

Notes
Turn   | Place    | Note
-------+----------+-------------------------------------------
     0 | D:1      | Jarlath the Deep Elf Ice Elementalist began the quest for the Orb.
     0 | D:1      | Reached XP level 1. HP: 10/10 MP: 6/6
   576 | D:1      | Reached XP level 2. HP: 12/15 MP: 6/8
  1308 | D:2      | Reached skill level 4 in Ice Magic
  1355 | D:2      | Reached XP level 3. HP: 19/19 MP: 8/10
  1360 | D:2      | Learned a level 3 spell: Ozocubu's Armour
  1561 | D:2      | Noticed Sigmund
  1766 | D:3      | Noticed Jarlath's ghost (amateur DEIE)
  2028 | D:2      | Killed Sigmund
  2028 | D:2      | Reached skill level 5 in Spellcasting
  2028 | D:2      | Reached skill level 5 in Ice Magic
  2028 | D:2      | Reached XP level 4. HP: 4/24 MP: 7/13
  2028 | D:2      | Reached XP level 5. HP: 5/28 MP: 7/14
  2324 | D:2      | Learned a level 4 spell: Throw Icicle
  2328 | D:2      | Reached skill level 6 in Ice Magic
  2916 | D:3      | Killed from afar by Jarlath's ghost

Vault maps used:
D:1:      kennysheep_arrival_forest
D:2:      first_bread, uniq_sigmund
D:3:      fedhas_altar_1, nicolae_overflow_hidden_temple,
          small_statue_intersection, grunt_ministairs_13, uniq_robin

Skill      XL: |  1  2  3  4  5 |
---------------+----------------+-----
Ice Magic      | 4 5 6 |  6.1
Spellcasting   | 5 |  5.3
Dodging        | |  2.4
Stealth        | |  2.4
Conjurations   | |  1.4

Action                   |  1- 3 |  4- 6 || total
-------------------------+-------+-------++-------
Melee: Unarmed           |     4 |       ||     4
       Dagger            |     8 |    42 ||    50
 Cast: Freeze            |    43 |     9 ||    52
       Ozocubu's Armour  |       |     1 ||     1
  Use: Potion            |     1 |       ||     1
 Stab: Sleeping          |       |     3 ||     3
       Distracted        |       |     1 ||     1
  Eat: Chunk             |     1 |       ||     1
       Bread ration      |     1 |       ||     1
Armor: Robe              |     7 |    12 ||    19
Dodge: Dodged            |    27 |    44 ||    71
